 Dungeon Crawl Stone Soup version 0.28-a0-751-gef3a642a4e (webtiles) character file.

Game seed: 2329503645508473230

147 pokeman the Magician (level 5, -1/29 HPs)
             Began as a Deep Elf Hedge Wizard on Oct 30, 2021.
             Slain by Sigmund (14 damage)
             ... on level 4 of the Dungeon.
             The game lasted 00:06:05 (2889 turns).

pokeman the Magician (Deep Elf Hedge Wizard)        Turns: 2889, Time: 00:06:06

Health: -1/29      AC:  3    Str:  7    XL:     5   Next: 7%
Magic:  9/15       EV: 13    Int: 20    God:
Gold:   109        SH:  0    Dex: 14    Spells: 5/16 levels left

rFire   . . .      SeeInvis .   e - +1 dagger (vamp)
rCold   . . .      Faith    .   (no shield)
rNeg    + . .      Spirit   .   b - +0 robe
rPois   .          Reflect  .   c - +0 hat
rElec   .          Harm     .   (no cloak)
rCorr   .          Rampage  .   i - +0 pair of gloves
Will    .....                   (no boots)
Stlth   ++........              (no amulet)
HPRegen 0.09/turn               q - ring of positive energy
MPRegen 0.14/turn               (no ring)

@: very slightly contaminated
A: no striking features
a: no special abilities


You were on level 4 of the Dungeon.
You visited 1 branch of the dungeon, and saw 4 of its levels.

You collected 109 gold pieces.

Inventory:

Hand Weapons
 e - a +1 vampiric dagger (weapon)
Missiles
 d - 35 arrows
 h - 5 curare-tipped darts
Armour
 b - a +0 robe (worn)
 c - a +0 hat (worn)
 i - a +0 pair of gloves (worn)
Jewellery
 q - a ring of positive energy (left hand)
Wands
 m - a wand of flame (5)
Scrolls
 f - 3 scrolls of identify {unknown}
 g - 2 scrolls of teleportation {unknown}
 j - 2 scrolls of enchant weapon {unknown}
 l - a scroll of amnesia {unknown}
 o - a scroll of noise {unknown}
Potions
 a - a potion of lignification {unknown}
 k - a potion of curing {unknown}
 n - a potion of degeneration {unknown}
 p - a potion of berserk rage {unknown}


   Skills:
 - Level 1.0 Fighting
 - Level 1.1 Armour
 - Level 3.0 Dodging
 + Level 2.5 Stealth
 * Level 6.1 Spellcasting
 + Level 2.5 Conjurations
 - Level 1.1 Summonings
 - Level 1.1 Translocations
 - Level 1.0 Fire Magic
 + Level 0.0 Air Magic


You had 5 spell levels left.
You knew the following spells:

 Your Spells              Type           Power      Damage    Failure   Level
a - Magic Dart            Conj           64%        1d6       3%          1
b - Mephitic Cloud        Conj/Pois/Air  9%         N/A       22%         3
c - Call Imp              Summ           10%        N/A       10%         2
d - Blink                 Tloc           20%        N/A       10%         2
e - Conjure Flame         Conj/Fire      13%        6-21      16%         3

Your spell library contained the following spells:

 Spells                   Type           Power      Damage    Failure   Level
 Slow                     Hex            24%        N/A       11%         1
 Portal Projectile        Hex/Tloc       16%        N/A       26%         3
 Blade Hands              Tmut           3%         N/A       96%         5
 Excruciating Wounds      Necr           3%         N/A       96%         5


Dungeon Overview and Level Annotations

Branches:
Dungeon (3/15)

Altars:

Annotations:
D:4 Sigmund


Message History

The magic dart hits the endoplasm.
The endoplasm is moderately wounded.
The endoplasm quivers.
Casting: Magic Dart (safe; 3% risk of failure)
Confirm with . or Enter, or press ? or * to list all spells.
Aiming: Magic Dart (safe; 3% risk of failure)
Press: ? - help, Shift-Dir - straight line, f/p - endoplasm
Aim: an endoplasm (moderately wounded, 100% to hit)
The magic dart hits the endoplasm.
You kill the endoplasm!
Casting: Magic Dart (safe; 3% risk of failure)
Confirm with . or Enter, or press ? or * to list all spells.
You can't see any susceptible monsters within range! (Use Z to cast anyway.) Unknown command.
Things that are here:
a +0 club; a goblin corpse Sigmund the Dreaded comes into view.
He is wielding a +2 vorpal scythe.
Found a quarterstaff.
Casting: Magic Dart (safe; 3% risk of failure)
Confirm with . or Enter, or press ? or * to list all spells.
The spell is quite dangerous to cast (16% risk of failure)!
Continue anyway?
The fire begins to smoulder!
Sigmund shouts!
Sigmund casts a spell at you. The puff of flame hits you!
The fire ignites!
Things that are here:
a +0 club; a goblin corpse Sigmund casts a spell at you.
The puff of flame hits you.
Casting: Conjure Flame (quite dangerous; 16% risk of failure)
Confirm with . or Enter, or press ? or * to list all spells.
The spell is quite dangerous to cast (22% risk of failure)!
Continue anyway?
Aiming: Mephitic Cloud (quite dangerous; 22% risk of failure)
Press: ? - help, Shift-Dir - straight line, f - Sigmund
Aim: Sigmund, wielding a +2 vorpal scythe and wearing a +0 robe (chance to affect: 86%)
You miscast Mephitic Cloud.
You are very lightly contaminated with residual magic.
Nothing appears to happen.
Sigmund hits you from afar with a +2 vorpal scythe!
You die...

### # ). ..#.#
....###.#.# #
......@...#
#######...
#ยง#####......#).
#.@...........#
#######...^...#
#.......#
#.......#
#######.# #


You could see Sigmund.

Vanquished Creatures
  Natasha (thrice) (D:2)
  3 adders (D:2)
  A dart slug (D:1)
  2 ball pythons
  5 endoplasms
  2 giant cockroaches (D:1)
  7 goblins
  4 hobgoblins
  3 quokkas (D:2)
  5 bats
  2 frilled lizards
  5 kobolds
  A rat (D:1)
43 creatures vanquished.

Notes
Turn   | Place    | Note
-------+----------+-------------------------------------------
     0 | D:1      | pokeman the Deep Elf Hedge Wizard began the quest for the
                  | Orb.
     0 | D:1      | Reached XP level 1. HP: 10/10 MP: 7/7
   187 | D:1      | Found a faded altar of an unknown god.
   256 | D:1      | Reached XP level 2. HP: 16/16 MP: 2/9
  1375 | D:2      | Reached skill level 5 in Spellcasting
  1375 | D:2      | Reached XP level 3. HP: 16/20 MP: 2/11
  1790 | D:2      | Reached skill level 1 in Fighting
  1794 | D:2      | Learned a level 3 spell: Mephitic Cloud
  1797 | D:2      | Learned a level 2 spell: Call Imp
  1800 | D:2      | Learned a level 2 spell: Blink
  1804 | D:2      | Learned a level 3 spell: Conjure Flame
  1930 | D:2      | Noticed Natasha
  1939 | D:2      | Killed Natasha
  1940 | D:2      | Reached skill level 1 in Armour
  1940 | D:2      | Reached XP level 4. HP: 25/25 MP: 2/13
  2046 | D:2      | Noticed Natasha
  2064 | D:2      | Killed Natasha
  2287 | D:2      | Noticed Natasha
  2294 | D:2      | Killed Natasha
  2425 | D:2      | Reached skill level 6 in Spellcasting
  2425 | D:2      | Reached skill level 1 in Fire Magic
  2508 | D:2      | Reached XP level 5. HP: 29/29 MP: 12/15
  2847 | D:3      | You fall into a shaft and drop 1 floor!
  2884 | D:4      | Noticed Sigmund
  2889 | D:4      | Slain by Sigmund

Illustrated notes

Levels and vault maps discovered:
D:1:      tarquinn_simple_flora_water_a, layout_loops_cross,
          basic_ecumenical_altar, minmay_hexomino_f4
D:2:      layout_basic, kennysheep_generic_room_6, uniq_natasha
D:3:      layout_basic, uniq_robin, uniq_crazy_yiuf_cottage
D:4:      layout_basic, uniq_duvessa, uniq_sigmund, uniq_eustachio

Skill      XL: |  1  2  3  4 |
---------------+-------------+-----
Spellcasting   | 5 6 |  6.1
Fighting       | 1 |  1.0
Conjurations   | 2 |  2.5
Armour         | 1 |  1.1
Dodging        | 3 |  3.0
Fire Magic     | 1 |  1.0
Stealth        | |  2.5
Summonings     | |  1.1
Translocations | |  1.1

Action                   |  1- 3 |  4- 6 || total
-------------------------+-------+-------++-------
Melee: Dagger            |     1 |     5 ||     6
 Cast: Magic Dart        |    86 |    35 ||   121
       Mephitic Cloud    |     1 |     2 ||     3
       Conjure Flame     |       |     1 ||     1
 Stab: Confused          |       |     1 ||     1
Armor: Robe              |     1 |       ||     1
Dodge: Dodged            |     8 |     3 ||    11

Table legend: (Time is in decaauts)
 A = Elapsed time spent in this place.
 B = Non-inter-level travel time spent in this place.
 C = Inter-level travel time spent in this place.
 D = Time resting spent in this place.
 E = Time spent auto-exploring this place.
 F = Levels seen in this place.
 G = Mean time per level.
                   A        B        C        D        E       F      G
               +--------+--------+--------+--------+--------+-----+--------+
         Total |   2887 |   2837 |     50 |      4 |   2553 |   4 |  721.8 |
       Dungeon |   2887 |   2837 |     50 |      4 |   2553 |   4 |  721.8 |
               +--------+--------+--------+--------+--------+-----+--------+

Top non-repeatable levels by time:
     D:2: 1486 daAuts
     D:1: 1100 daAuts
     D:3: 258 daAuts
     D:4: 41 daAuts
